 Dungeon Crawl Stone Soup version 0.28.0-53-g5a82cb258f (webtiles) character file.

Game seed: 5169106835699724900

3335 dranuc9 the Destroyer (level 9, -3/45 HPs)
             Began as a Deep Elf Conjurer on June 27, 2022.
             Was a Follower of Vehumet.
             Shot with an arrow by a centaur (7 damage)
             ... on level 8 of the Dungeon.
             The game lasted 01:56:55 (8854 turns).

dranuc9 the Destroyer (Deep Elf Conjurer)           Turns: 8854, Time: 01:56:56

Health: -3/45      AC:  7    Str:  4    XL:     9   Next: 72%
Magic:  3/24       EV: 13    Int: 34    God:    Vehumet [*.....]
Gold:   363        SH:  0    Dex: 13    Spells: 20/27 levels left

rFire   . . .      SeeInvis .   G - +0 shortbow
rCold   + . .      Faith    .   (shield currently unavailable)
rNeg    . . .      Spirit   .   M - +2 robe {rC+}
rPois   .          Reflect  .   i - +0 helmet
rElec   .          Harm     .   (no cloak)
rCorr   .          Rampage  .   A - +1 pair of gloves
Will    .....                   (no boots)
Stlth   +++.......              (no amulet)
HPRegen 0.15/turn               l - +6 ring of intelligence
MPRegen 0.19/turn               (no ring)

@: about to teleport
A: no striking features
a: Renounce Religion


You were on level 8 of the Dungeon.
You worshipped Vehumet.
Vehumet was aware of your devotion.
You visited 2 branches of the dungeon, and saw 9 of its levels.

You collected 363 gold pieces.

Inventory:

Hand Weapons
 e - a +0 dagger
 g - a +0 short sword
 p - a +3 mace of protection
 y - a +4 hand axe
 B - a +1 dagger of speed
 D - a +2 hand axe of electrocution
 G - a +0 shortbow (weapon)
 I - a +0 dagger of venom
 L - a +5 great sword of freezing
 N - a +3 dagger
Missiles
 m - 87 arrows (quivered ammo)
 t - 6 poisoned darts
Armour
 a - a +0 robe
 i - a +0 helmet (worn)
 q - a +0 helmet
 x - a +0 pair of gloves
 A - a +1 pair of gloves (worn)
 J - a +1 robe of cold resistance
 M - a +2 robe of cold resistance (worn)
Jewellery
 k - an amulet of faith
 l - a +6 ring of intelligence (left hand)
Wands
 w - a wand of acid (7)
 E - a wand of iceblast (1)
 O - a wand of mindburst (16)
 Q - a wand of digging (5)
Scrolls
 d - a scroll of fear
 h - a scroll of immolation
 r - 2 scrolls of acquirement {unknown}
 s - a scroll of summoning {unknown}
 C - a scroll of vulnerability {unknown}
 F - a scroll of holy word {unknown}
 K - a scroll of torment {unknown}
 R - a scroll of identify
Potions
 b - 2 potions of ambrosia {unknown}
 f - 2 potions of cancellation
 j - a potion of flight
 n - a potion of magic
 o - 3 potions of mutation
 u - a potion of curing
 z - a potion of lignification
 H - a potion of haste
 P - a potion of brilliance {unknown}
 S - 2 potions of invisibility {unknown}


   Skills:
 + Level 0.2 Fighting
 * Level 4.1 Bows
 + Level 3.2 Dodging
 + Level 4.5 Stealth
 * Level 9.8 Spellcasting
 * Level 9.9 Conjurations
 * Level 4.7 Hexes
 * Level 3.8 Necromancy
 * Level 3.4 Fire Magic
 * Level 3.2 Evocations


You had 20 spell levels left.
You knew the following spells:

 Your Spells              Type           Power      Damage    Failure   Level
a - Magic Dart            Conj           100%       1d8       1%          1
b - Searing Ray           Conj           100%       2d8       1%          2
c - Fulminant Prism       Conj/Hex       30%        3d16      1%          4

Your spell library contained the following spells:

 Spells                   Type           Power      Damage    Failure   Level
 Foxfire                  Conj/Fire      100%       2x1d9     1%          1
 Conjure Flame            Conj/Fire      58%        6-21      1%          3
 Dazzling Flash           Conj/Hex       100%       N/A       1%          3
 Sticky Flame             Conj/Fire      58%        2d7       1%          4
 Iskenderun's Mystic Bla  Conj/Tloc      50%        2d11      3%          4
 Ignite Poison            Fire/Tmut/Pois 24%        N/A       4%          3
 Frozen Ramparts          Ice            32%        1d5       9%          3
 Ice Form                 Ice/Tmut       16%        N/A       26%         4
 Summon Ice Beast         Ice/Summ       16%        N/A       26%         4
 Starburst                Conj/Fire      29%        6d9       26%         6


Dungeon Overview and Level Annotations

Branches:
Dungeon (8/15)             Temple (1/1) D:6
   Lair: D:8-11

Altars:
Ashenzari
Elyvilon
Fedhas
Gozag
Hepliaklqana
Makhleb
Nemelex Xobeh
Qazlal
Ru
Sif Muna
Uskayaw
Vehumet
Wu Jian
Xom
Zin
The Shining One

Shops:
D:2 *   D:6 *


Message History

Something kicks your fulminant prism but does no damage.
The centaur unwields a +1 morningstar of protection.
The centaur wields a +0 shortbow.
The centaur shoots an arrow.
The arrow barely misses you.
Casting: Fulminant Prism (dangerous; 1% risk of failure)
Confirm with . or Enter, or press ? or * to list all spells.
Aiming: Fulminant Prism (dangerous; 1% risk of failure)
Press: ? - help, Dir - move target You conjure a prism of explosive energy!
A fulminant prism comes into view.
The centaur shoots an arrow.
The arrow hits your fulminant prism!
The centaur shoots an arrow.
The arrow hits your fulminant prism.
Your fulminant prism detonates feebly.
Aiming: Mindburst
Press: ? - help, Shift-Dir - straight line, f - centaur zombie
Aim: a centaur zombie (not susceptible)
The centaur zombie is unaffected.
The centaur zombie closely misses you. x2
The centaur zombie misses you. The centaur zombie closely misses you.
As you read the scroll of teleportation, it crumbles to dust.
You feel strangely unstable.
The centaur unwields a +0 shortbow.
The centaur wields a +1 morningstar of protection.
The centaur hits you with a +1 morningstar of protection!
The centaur closely misses you. The centaur zombie closely misses you.
The centaur zombie misses you.
The centaur unwields a +1 morningstar of protection.
The centaur wields a +0 shortbow.
The centaur shoots an arrow.
The arrow hits you.
There is a stone staircase leading up here.
Your surroundings seem slightly different.
The centaur shoots an arrow.
The arrow hits you.
The centaur shoots an arrow.
The arrow hits you!
* * * LOW HITPOINT WARNING * * *
You feel better.
The centaur shoots an arrow.
The arrow hits you!
* * * LOW HITPOINT WARNING * * *
As you read the scroll of teleportation, it crumbles to dust.
You feel strangely unstable.
The centaur shoots an arrow.
The arrow misses you.
The centaur shoots an arrow.
The arrow completely misses you.
The centaur shoots an arrow.
The arrow closely misses you.
The centaur shoots an arrow.
The arrow hits you!
You die...

..@..######...#
####.*....#...##
....#####)#....####
###...............#
########........####
###.#.....c...#
#.....##.####.####
###.....##.####....#
#..........@.<#....#
#.........#......#....# ..
###....#.##....Z.#....###....
.........##.).>..##.#........
...........#......##.#c#####.#
..###........c..#####...##....
# #......))#....).)..........
.......).#<.).##.....#.....
.#.........####....## ##.#


You could see a centaur and a centaur zombie.

Vanquished Creatures
  Joseph (D:8)
  A wyvern (D:8)
  A yak (D:6)
  A steam dragon (D:7)
  2 black bears
  2 ice beasts
  An orc warrior (D:7)
  A sky beast (D:5)
  An ogre (D:5)
  A centaur (D:6)
  2 bullfrogs
  A wyvern zombie (D:7)
  4 scorpions
  A water moccasin zombie (D:6)
  A water moccasin skeleton (D:6)
  9 wights
  A howler monkey (D:4)
  A hound (D:4)
  3 centaur zombies
  A bullfrog skeleton (D:5)
  2 gnoll shamans
  4 orc priests
  2 centaur skeletons
  2 jellies
  Jessica (D:2)
  Natasha (thrice) (D:2)
  An iguana (D:5)
  3 orc wizards
  A howler monkey zombie (D:6)
  Robin (D:2)
  A mummy (D:5)
  5 adders
  9 gnolls
  An ufetubus (D:5)
  A worm (D:3)
  2 dart slugs
  21 orcs
  5 ball pythons
  5 endoplasms
  3 giant cockroaches
  15 goblins
  7 hobgoblins
  4 quokkas
  5 bats
  2 hobgoblin zombies (D:5)
  9 kobolds
  6 rats
  A fulminant prism (D:8)
158 creatures vanquished.

Vanquished Creatures (others)
  66 fulminant prisms
66 creatures vanquished.

Grand Total: 224 creatures vanquished

Notes
Turn   | Place    | Note
-------+----------+-------------------------------------------
     0 | D:1      | dranuc9 the Deep Elf Conjurer began the quest for the Orb.
     0 | D:1      | Reached XP level 1. HP: 10/10 MP: 6/6
   366 | D:1      | Reached XP level 2. HP: 15/15 MP: 6/8
   422 | D:1      | Found a faded altar of an unknown god.
   709 | D:1      | Reached skill level 5 in Conjurations
   883 | D:2      | Noticed Robin
   974 | D:2      | Reached XP level 3. HP: 19/19 MP: 4/9
  1181 | D:2      | Noticed Jessica
  1207 | D:2      | Killed Jessica
  1210 | D:2      | Reached XP level 4. HP: 24/24 MP: 4/11
  1296 | D:2      | Found Retusa's General Store.
  1298 | D:2      | Noticed Natasha
  1337 | D:2      | Learned a level 2 spell: Searing Ray
  1371 | D:2      | Killed Robin
  1528 | D:2      | Killed Natasha
  1553 | D:2      | Noticed Natasha
  1558 | D:2      | Killed Natasha
  1559 | D:2      | Reached XP level 5. HP: 16/28 MP: 2/13
  1677 | D:2      | Noticed Natasha
  1680 | D:2      | Killed Natasha
  2236 | D:3      | Noticed a black bear
  2262 | D:3      | Killed a black bear
  2263 | D:3      | Reached XP level 6. HP: 28/32 MP: 4/15
  2566 | D:3      | Reached skill level 5 in Spellcasting
  2956 | D:3      | Learned a level 4 spell: Fulminant Prism
  4027 | D:5      | Entered Level 5 of the Dungeon
  4065 | D:5      | Reached XP level 7. HP: 36/36 MP: 11/18
  4234 | D:5      | Reached skill level 1 in Evocations
  4411 | D:5      | Reached skill level 1 in Bows
  4411 | D:5      | Reached skill level 1 in Hexes
  4487 | D:5      | Found a sand-covered staircase.
  4509 | D:5      | Reached skill level 1 in Fire Magic
  4639 | D:5      | Reached skill level 1 in Necromancy
  4642 | D:5      | Reached XP level 8. HP: 36/41 MP: 12/21
  5700 | D:6      | Found Deug's Assorted Antiques.
  5867 | D:6      | Found a staircase to the Ecumenical Temple.
  5889 | Temple   | Entered the Ecumenical Temple
  5974 | Temple   | Became a worshipper of Vehumet
  6385 | D:6      | Reached XP level 9. HP: 45/45 MP: 8/23
  8629 | D:8      | Noticed Joseph
  8652 | D:8      | Killed Joseph
  8815 | D:8      | Reached * piety under Vehumet
  8815 | D:8      | Offered knowledge of Foxfire by Vehumet.
  8854 | D:8      | Shot with an arrow by a centaur

Illustrated notes

Levels and vault maps discovered:
D:1:      saegor_arrival_simple_b, layout_rooms,
          hellmonk_ecumenical_altar_blasted, minmay_unequal
D:2:      layout_rooms, serial_shops, shop, kennysheep_generic_room_5,
          uniq_natasha, uniq_jessica, uniq_robin
D:3:      layout_rooms, minmay_fractal_squares_5
D:4:      layout_loops_corners, st_stairs_9
D:5:      layout_cave_pools, nicolae_ossuary_entry_giza
D:6:      layout_loops_corners, temple_green, serial_shops, shop, st_stairs_10
D:7:      layout_loops_cross, enter_bailey_4, hangedman_decor_growths
D:8:      layout_rooms, kiku_gazebo_pond_becter, minmay_unpleasant_kobolds,
          uniq_joseph, uniq_erica
Temple:   mainiacjoe_temple_circle_huts

Skill      XL: |  1  2  3  4  5  6  7  8  9 |
---------------+----------------------------+-----
Conjurations   | 5 6 7 8 9 |  9.9
Stealth        | 3 4 |  4.5
Spellcasting   | 4 6 7 8 9 |  9.8
Dodging        | 3 |  3.2
Evocations     | 1 2 3 |  3.2
Bows           | 1 3 4 |  4.1
Hexes          | 1 3 4 |  4.7
Fire Magic     | 1 2 3 |  3.4
Necromancy     | 1 2 3 |  3.8
Fighting       | |  0.2

Action                   |  1- 3 |  4- 6 |  7- 9 || total
-------------------------+-------+-------+-------++-------
 Fire: Shortbow          |       |       |     2 ||     2
 Cast: Magic Dart        |    51 |   104 |    64 ||   219
       Searing Ray       |       |    10 |    26 ||    36
       Fulminant Prism   |       |       |    67 ||    67
Evoke: Wand              |       |       |     1 ||     1
  Use: Scroll            |       |       |    14 ||    14
       Potion            |       |       |     3 ||     3
Armor: Robe              |     4 |     2 |     9 ||    15
Dodge: Dodged            |     2 |     9 |    22 ||    33
